 Dungeon Crawl Stone Soup version 0.26-a0-639-g72c4674329 (webtiles) character file.

Game seed: 4595439385277013035

103425 Flugslaktarn the Warrior (level 15, -1/148 HPs)
             Began as a Minotaur Fighter on Sept 22, 2020.
             Was the Champion of Makhleb.
             Slain by a nagaraja
             ... wielding a +0 club
              (9 damage)
             ... on level 4 of the Snake Pit.
             The game lasted 00:12:46 (22977 turns).

Flugslaktarn the Warrior (Minotaur Fighter)        Turns: 22977, Time: 00:12:46

Health: -1/148     AC: 23    Str: 24    XL:     15   Next: 89%
Magic:  22/22      EV:  4    Int:  7    God:    Makhleb [******]
Gold:   5192       SH: 15    Dex: 11    Spells: 14/14 levels left

rFire    . . .     SeeInvis .   I - +2 broad axe (venom)
rCold    . . .     Faith    .   c - +2 kite shield
rNeg     . . .     Spirit   .   F - +0 plate armour
rPois    +         Reflect  .   (helmet restricted)
rElec    .         Harm     .   (no cloak)
rCorr    .         Rampage  .   a - +2 pair of gloves
MR       +....                  (no boots)
Stlth    ..........             D - amulet of the acrobat
HPRegen  0.34/turn              p - +4 ring of protection
MPRegen  0.18/turn              o - ring of poison resistance

@: hasted and slowed, constricted
A: retaliatory headbutt, horns 2
a: Minor Destruction, Lesser Servant of Makhleb, Major Destruction, Greater
Servant of Makhleb, Renounce Religion


You were on level 4 of the Snake Pit.
You worshipped Makhleb.
Makhleb was exalted by your worship.
You visited 5 branches of the dungeon, and saw 26 of its levels.

You collected 5713 gold pieces.
You spent 521 gold pieces at shops.

Inventory:

Hand Weapons
 A - a +3 whip of distortion
   (You took it off a gnoll on level 8 of the Dungeon)
 I - a +2 broad axe of venom (weapon)
   (You took it off a vault guard on level 13 of the Dungeon)
Armour
 a - a +2 pair of gloves (worn)
   (You found it on level 15 of the Dungeon)
 c - a +2 kite shield (worn)
 F - a +0 plate armour (worn)
   (You found it on level 11 of the Dungeon)
Jewellery
 o - a ring of poison resistance (right hand)
   (You found it on level 6 of the Dungeon)
 p - a +4 ring of protection (left hand)
   (You found it on level 1 of the Dungeon)
 C - the ring "Dixatu" {rElec rC+}
   (You found it on level 4 of the Lair of Beasts)

   [ring of protection from cold]

   It protects you from cold.
   It insulates you from electricity.
 D - an amulet of the acrobat (around neck)
   (You found it on level 4 of the Lair of Beasts)
Wands
 e - a wand of paralysis (8)
   (You found it on level 3 of the Snake Pit)
 s - a wand of digging (10)
   (You found it on level 7 of the Dungeon)
 B - a wand of enslavement (11)
   (You found it on level 9 of the Dungeon)
 H - a wand of iceblast (14)
   (You found it on level 13 of the Dungeon)
Scrolls
 b - 5 scrolls of fog
 i - 2 scrolls of fear
 j - a scroll of immolation
 r - 3 scrolls of identify
 t - 5 scrolls of teleportation
 u - 2 scrolls of magic mapping
 x - 9 scrolls of remove curse
 z - 3 scrolls of blinking
 G - a scroll of vulnerability
Potions
 d - 3 potions of might
 f - 2 potions of flight
 h - 5 potions of haste
 k - 9 potions of invisibility
 l - 2 potions of stabbing
 m - 4 potions of cancellation
 n - 3 potions of resistance
 v - a potion of magic
 J - a potion of mutation
 K - 3 potions of lignification


   Skills:
 * Level 17.7 Fighting
 * Level 17.6 Axes
 + Level 13.4 Armour
 + Level 13.4 Shields
 + Level 10.7 Invocations


You had 14 spell levels left.
You didn't know any spells.
Your spell library was empty.

Dungeon Overview and Level Annotations

Branches:
Dungeon (15/15)            Temple (1/1) D:5            Lair (4/6) D:10
 Shoals (0/4) Lair:3        Snake (4/4) Lair:4          Orc (2/2) D:12
    Elf (0/3) Orc:2        Vaults (0/5) D:13         Depths (0/5) D:15

Altars:
Ashenzari
Cheibriados
Dithmenos
Elyvilon
Fedhas
Gozag
Hepliaklqana
Kikubaaqudgha
Makhleb
Okawaru
Qazlal
Ru
Sif Muna
Trog
Uskayaw
Vehumet
Wu Jian
Xom
Yredelemnul
Zin
The Shining One
Beogh

Shops:
D:9 *   Orc:2 !(::

Annotations:
D:5 1 runed translucent door, Borgoz's ghost, novice HOBe
D:12 1 runed translucent door, Duattel's ghost, journeyman DsBe
Snake:1 1 transporter


Innate Abilities, Weirdness & Mutations

You reflexively headbutt those who attack you in melee.
You have a pair of horns on your head.


Message History

The guardian serpent coils itself and waves its upper body at you.
The bolt of poison hits you but does no damage.
You resist.
The bolt of poison hits the naga warrior.
The naga hits you with a +0 scimitar.
* * * LOW HITPOINT WARNING * * *
The sea snake bites you but does no damage.
You block the naga's attack.
* * * LOW HITPOINT WARNING * * *
The naga constricts you. The naga warrior barely misses you.
A naga mage comes into view. It is wielding a +0 flail.
The guardian serpent coils itself and waves its upper body at you.
The nagaraja blinks!
Okay, then.
Your plate armour prevents you from hitting the guardian serpent.
The guardian serpent is severely wounded.
You hit the naga. You slice the naga warrior!! You hit the nagaraja.
You closely miss the sea snake. You closely miss the naga.
You block the sea snake's attack. The nagaraja hits you with a +0 club!
You die...

... #.# #.# #.# #.# #N#
#)## .. #.N#####...
#.N@S......#
##.NSNN#.....########
#.............^......
##....................
#.....................
##.......#+###.........
#.......(# ##.....#..
##.......# +....##..
#.......## #...###..


You could see a naga warrior, a nagaraja (fast), a sea snake, a guardian serpent
(poisoned), a naga mage and 3 nagas.

Vanquished Creatures
  Rupert (Orc:2)
  Kirke (D:15)
  Agnes (D:15)
  3 nagarajas (Snake:4)
  Snorg (Orc:1)
  2 ettins (Orc:2)
  Josephine (D:13)
  A rakshasa (D:15)
  2 hydras (Lair:3)
  3 naga warriors (Snake:3)
  A catoblepas (D:15)
  4 vault guards (D:13)
  5 two-headed ogres
  4 centaur warriors
  4 anacondas
  A tengu warrior (D:15)
  6 ogre magi
  2 shock serpents
  Urug (Orc:2)
  3 naga sharpshooters
  Nergalle (Orc:2)
  A deep elf knight (D:15)
  3 sea snakes
  3 naga ritualists
  12 wizards (D:13)
  2 orc knights
  2 deep elf magi
  A wolf spider (D:15)
  7 orc sorcerers
  5 salamanders
  4 ugly things
  6 mana vipers
  4 cyclopes
  4 manticores
  15 black mambas
  5 guardian serpents
  A torpor snail (Lair:2)
  2 naga magi
  A freezing wraith (D:14)
  2 cane toads
  2 komodo dragons
  A komodo dragon (shapeshifter) (D:15)
  5 rime drakes (D:15)
  An efreet (D:11)
  A yaktaur (D:13)
  A tengu conjurer (D:11)
  6 trolls
  A hornet (D:11)
  4 slime creatures (D:14)
  5 hippogriffs
  5 blink frogs (Lair:3)
  A water elemental (D:12)
  Sigmund (D:4)
  A spriggan (D:7)
  A wyvern (shapeshifter) (D:15)
  6 hogs (D:15)
  11 wraiths
  6 wyverns
  19 yaks
  A fire elemental (D:13)
  2 humans (D:13)
  7 basilisks
  8 vampire mosquitoes
  11 nagas
  2 acid dragons
  6 water moccasins
  7 porcupines
  2 hell hounds (D:15)
  6 ice beasts
  7 sky beasts
  A black bear (D:9)
  4 phantoms
  22 orc warriors
  12 wolves
  11 centaurs
  11 ogres
  5 crocodiles
  Blork the orc (D:5)
  3 big kobolds
  26 bullfrogs
  A wyvern zombie (D:13)
  2 gnoll sergeants
  7 scorpions
  21 killer bees
  9 wights
  2 electric eels
  2 howler monkeys (D:9)
  4 bullfrog zombies
  8 centaur zombies
  6 hounds
  6 jellies
  15 orc priests
  34 orc wizards
  5 bullfrog skeletons
  4 iguanas
  5 centaur skeletons
  12 worker ants
  A hound zombie (D:5)
  A howler monkey zombie (D:11)
  9 gnolls (D:8)
  A howler monkey skeleton (D:4)
  8 adders
  2 shadow imps (D:6)
  4 white imps
  4 ufetubi (D:7)
  An adder zombie (D:7)
  A worm (D:9)
  3 leopard geckos
  81 orcs
  2 ball pythons
  A bat skeleton (D:2)
  A bat zombie (D:2)
  14 giant cockroaches
  5 goblins
  3 hobgoblins
  22 jackals
  15 kobolds
  3 quokkas
  4 bats
  2 frilled lizards (D:4)
  A leopard gecko skeleton (D:4)
  A rat (D:2)
694 creatures vanquished.

Vanquished Creatures (collateral kills)
  2 hydras
  A wizard (D:13)
  A manticore (D:15)
  A wyvern (D:15)
5 creatures vanquished.

Vanquished Creatures (others)
  A jackal (D:8)
  14 fungi
  34 plants
  A withered plant (D:2)
50 creatures vanquished.

Grand Total: 749 creatures vanquished

Notes
Turn   | Place    | Note
-------+----------+-------------------------------------------
     0 | D:1      | Flugslaktarn the Minotaur Fighter began the quest for the
                  | Orb.
     0 | D:1      | Reached XP level 1. HP: 19/19 MP: 0/0
   120 | D:2      | Reached XP level 2. HP: 23/27 MP: 1/1
   261 | D:2      | Found a basalt altar of Yredelemnul.
   317 | D:2      | Reached XP level 3. HP: 31/33 MP: 2/2
   544 | D:3      | Reached XP level 4. HP: 37/41 MP: 3/3
   570 | D:4      | Noticed Sigmund
   712 | D:4      | Reached skill level 5 in Fighting
   712 | D:4      | Reached XP level 5. HP: 45/48 MP: 4/4
   736 | D:4      | Killed Sigmund
   736 | D:4      | Reached XP level 6. HP: 34/56 MP: 5/5
   945 | D:4      | Reached skill level 5 in Axes
  1202 | D:4      | Found a shimmering altar of Xom.
  1291 | D:5      | Entered Level 5 of the Dungeon
  1379 | D:5      | Reached skill level 5 in Shields
  1437 | D:5      | Found a staircase to the Ecumenical Temple.
  1454 | D:5      | Found a runed translucent door.
  1460 | D:5      | Reached skill level 5 in Armour
  1479 | Temple   | Entered the Ecumenical Temple
  1661 | Temple   | Became a worshipper of Makhleb the Destroyer
  1739 | D:5      | Noticed Borgoz's ghost (novice HOBe)
  1772 | D:5      | Reached XP level 7. HP: 61/63 MP: 6/6
  1852 | D:5      | Noticed Blork the orc
  1862 | D:5      | Killed Blork the orc
  2218 | D:6      | Reached skill level 1 in Invocations
  2919 | D:6      | Reached XP level 8. HP: 55/73 MP: 6/8
  3021 | D:6      | Reached * piety under Makhleb
  3130 | D:6      | Found a bloodstained altar of Trog.
  3749 | D:7      | Reached ** piety under Makhleb
  3982 | D:7      | Reached XP level 9. HP: 60/82 MP: 5/10
  5162 | D:8      | Reached *** piety under Makhleb
  5264 | D:8      | Reached skill level 10 in Fighting
  5417 | D:8      | Reached XP level 10. HP: 93/93 MP: 12/12
  6290 | D:9      | Found a shimmering blue altar of Sif Muna.
  6301 | D:9      | Reached skill level 10 in Axes
  6311 | D:9      | Found a basalt altar of Yredelemnul.
  6543 | D:9      | Found Dorph's General Store.
  6546 | D:9      | Bought a scroll of identify for 26 gold pieces
  6667 | D:9      | Found a snail-covered altar of Cheibriados.
  6930 | D:9      | Reached skill level 5 in Invocations
  7023 | D:9      | Reached **** piety under Makhleb
  7082 | D:9      | Found a blossoming altar of Fedhas.
  7082 | D:9      | Found a glowing golden altar of the Shining One.
  7082 | D:9      | Found a shattered altar of Ashenzari.
  7084 | D:9      | Found a hide-covered altar of Uskayaw.
  7120 | D:10     | Entered Level 10 of the Dungeon
  7309 | D:10     | Found a staircase to the Lair.
  7849 | D:11     | Paralysed by a hornet for 1 turns
  7853 | D:11     | Paralysed by a hornet for 3 turns
  8108 | D:11     | Noticed a cyan ugly thing
  8110 | D:11     | Noticed a two-headed ogre
  8118 | D:11     | Killed a two-headed ogre
  8118 | D:11     | Reached XP level 11. HP: 81/102 MP: 11/14
  8131 | D:11     | Killed a cyan ugly thing
  8811 | D:11     | Reached ***** piety under Makhleb
  8858 | D:11     | Found a burning altar of Makhleb.
  8858 | D:11     | Noticed a balrug
  9522 | D:11     | Noticed a centaur warrior
  9523 | D:11     | Noticed a centaur warrior
  9537 | D:11     | Killed a centaur warrior
  9541 | D:11     | Killed a centaur warrior
  9725 | D:12     | Noticed a five-headed hydra
 10232 | D:12     | Got a smoking war axe
 10233 | D:12     | Identified the +4 war axe of Eghiff {freeze, *Noise rPois
                  | Str+3 Int+10} (You found it on level 12 of the Dungeon)
 10436 | D:12     | Reached XP level 12. HP: 86/113 MP: 8/16
 10890 | D:12     | Killed a 12-headed hydra
 11198 | D:12     | Reached skill level 10 in Shields
 11282 | D:12     | Found a runed translucent door.
 11282 | D:12     | Found a shimmering altar of Xom.
 11282 | D:12     | Noticed Duattel's ghost (journeyman DsBe)
 11392 | D:12     | Found a staircase to the Orcish Mines.
 11451 | D:13     | Noticed a vault guard
 11451 | D:13     | Noticed a vault guard
 11469 | D:13     | Reached skill level 10 in Armour
 11620 | D:13     | Noticed Josephine
 11632 | D:13     | Killed Josephine
 12261 | D:13     | Found the +3 warlock's mirror {reflect}
 12283 | D:13     | Paralysed by a wizard for 7 turns
 12293 | D:13     | Reached XP level 13. HP: 121/124 MP: 15/17
 12820 | D:13     | Found a gate to the Vaults.
 13332 | D:14     | Reached ****** piety under Makhleb
 13940 | D:15     | Entered Level 15 of the Dungeon
 13956 | D:15     | Reached skill level 15 in Fighting
 14042 | D:15     | Noticed Kirke
 14380 | D:15     | Reached skill level 15 in Axes
 14413 | D:15     | Noticed a sphinx
 14422 | D:15     | Noticed a sphinx
 14427 | D:15     | Killed Kirke
 14540 | D:15     | Found a staircase to the Depths.
 14574 | D:15     | Reached XP level 14. HP: 105/135 MP: 9/19
 14820 | D:15     | Noticed Agnes
 14839 | D:15     | Killed Agnes
 15792 | Lair:1   | Entered Level 1 of the Lair of Beasts
 15792 | Lair:1   | Identified a scroll of acquirement
 17425 | Lair:3   | Found a staircase to the Shoals.
 17659 | Lair:4   | Got a faintly glowing ivory ring
 18179 | Lair:4   | Found a staircase to the Snake Pit.
 18485 | Lair:4   | Identified the ring "Dixatu" {rElec rC+} (You found it on
                  | level 4 of the Lair of Beasts)
 18498 | Lair:4   | Acquired 3650 gold pieces
 18687 | Orc:1    | Entered Level 1 of the Orcish Mines
 18725 | Orc:1    | Noticed Snorg
 18742 | Orc:1    | Killed Snorg
 19144 | Orc:2    | Entered Level 2 of the Orcish Mines
 19165 | Orc:2    | Noticed Urug
 19461 | Orc:2    | Killed Urug
 19837 | Orc:2    | Found Yvvolu Cages's Book Shoppe.
 19846 | Orc:2    | Paralysed by an orc sorcerer for 5 turns
 19899 | Orc:2    | Found an ancient bone altar of Kikubaaqudgha.
 19899 | Orc:2    | Noticed Nergalle
 19913 | Orc:2    | Reached skill level 10 in Invocations
 19915 | Orc:2    | Killed Nergalle
 19917 | Orc:2    | Noticed Rupert
 19931 | Orc:2    | Killed Rupert
 19931 | Orc:2    | Reached XP level 15. HP: 145/145 MP: 21/21
 19932 | Orc:2    | Found Kaoxos's Distillery.
 19973 | Orc:2    | Found a roughly hewn altar of Beogh.
 19973 | Orc:2    | Found Teasootid's Book Emporium.
 20016 | Orc:2    | Found a radiant altar of Vehumet.
 20032 | Orc:2    | Found Woham's Antique Weapon Emporium.
 20265 | Orc:2    | Found a staircase to the Elven Halls.
 20425 | Orc:2    | Bought a potion of heal wounds for 75 gold pieces
 20425 | Orc:2    | Bought a potion of cancellation for 120 gold pieces
 20425 | Orc:2    | Bought a potion of haste for 150 gold pieces
 20425 | Orc:2    | Bought a potion of resistance for 150 gold pieces
 20673 | Snake:1  | Entered Level 1 of the Snake Pit
 20682 | Snake:1  | HP: 7/146 [naga sharpshooter/bolt (20)]
 21631 | Snake:1  | Found a transporter.
 22156 | Snake:4  | Entered Level 4 of the Snake Pit
 22270 | Snake:4  | Noticed a nagaraja
 22286 | Snake:4  | Killed a nagaraja
 22462 | Snake:4  | Noticed a nagaraja
 22462 | Snake:4  | Noticed a nagaraja
 22479 | Snake:4  | HP: 7/147 [nagaraja/+0 spear (20)]
 22482 | Snake:4  | Killed a nagaraja
 22487 | Snake:4  | Killed a nagaraja
 22961 | Snake:4  | HP: 1/148 [sea snake (11)]
 22972 | Snake:4  | Noticed a nagaraja
 22976 | Snake:4  | HP: 7/148 [naga/+0 trident (3)]
 22977 | Snake:4  | Slain by a nagaraja

Illustrated notes

Levels and vault maps discovered:
D:1:      zelgadis_glass_arrival_small, layout_basic, hex_large
D:2:      minmay_roachtagon, layout_loops_ring, serial_undead, serial_undead_f,
          serial_undead_c, serial_undead_b, serial_undead_e,
          kennysheep_flooded_box, uniq_crazy_yiuf_cottage
D:3:      layout_basic, overflow_temple_1_default, lemuel_crystal_altar,
          chequers_ecumenical_altar_simple, kennysheep_generic_room_13
D:4:      layout_rooms, brannock_xom_greatest_gift, uniq_sigmund
D:5:      layout_cave_pools, minmay_temple_entry_mist, ebering_ghost_sewer_d,
          uniq_blork_the_orc
D:6:      layout_basic, trog_book
D:7:      minmay_the_grid_plus [minmay_the_grid_stretched_grid,
          minmay_the_grid_garden, minmay_the_grid_spin_star,
          minmay_the_grid_pillar_ring, minmay_the_grid_prize_big_room],
          layout_loops_ring, the_bakery
D:8:      layout_layer_cave
D:9:      layout_basic, cheibrodos_worm_habitat, yredelemnul_altar_generic,
          minitemple, lemuel_round_altar, serial_shops,
          nicolae_shop_behind_doors
D:10:     layout_small_grid, dpeg_oklobed_lair
D:11:     hangedman_cross_veins, layout_grid_maze, hangedman_decor_growths,
          makhleb_altar_promises_db
D:12:     layout_long_grid, erik_orc_2, ebering_ghost_xom
D:13:     minmay_smoke_and_mirrors, layout_basic, grunt_vaults_entry_fortified,
          uniq_josephine
D:14:     layout_grid_maze, kennysheep_crisscross, minmay_quadrilaterals
D:15:     hangedman_depths_entry_civil_slaughter, layout_basic, special_room
          [special_room_mythical_zoo], minivault_25_ag, hangedman_decor_lopped,
          uniq_kirke, uniq_agnes
Temple:   oiseaux_autumnal_temple
Lair:1:   layout_big_grid, lemuel_fruit_tree, serial_bayou_shore_b,
          serial_bayou_shore_a, uniq_sonja
Lair:2:   layout_chaotic_city, grunt_megastairs_1
Lair:3:   layout_roguey, elwin_shoals_entry_rooms,
          grunt_forest_small_clearing_treed
Lair:4:   layout_cave_pods, guppyfry_snake_entry_island
Snake:1:  gammafunk_the_bubble [the_bubble_gammafunk_roulette], layout_basic
Snake:2:  layout_gridlike, grunt_megastairs_3, uniq_nikola, uniq_vashnia
Snake:3:  layout_grid_shapes, st_stairs_5
Snake:4:  grunt_snake_rune_pools, layout_cave_town
Orc:1:    layout_diamond_mine, uniq_snorg
Orc:2:    kennysheep_orc_mage_school, layout_diamond_mine, sword_in_stone,
          uniq_rupert

Skill      XL: |  1  2  3  4  5  6  7  8  9 10 11 12 13 14 15 |
---------------+----------------------------------------------+-----
Fighting       | 4 5 6 7 8 10 11 12 14 15 16 17 | 17.7
Axes           | 3 4 5 6 8 9 11 12 14 15 16 17 | 17.6
Shields        | 4 5 6 7 8 9 10 11 12 13 | 13.4
Armour         | 4 5 6 7 8 9 10 11 12 13 | 13.4
Invocations    | 1 3 4 5 6 7 9 10 | 10.7

Action                   |  1- 3 |  4- 6 |  7- 9 | 10-12 | 13-15 || total
-------------------------+-------+-------+-------+-------+-------++-------
Melee: War axe           |    86 |    64 |   393 |   691 |   397 ||  1631
       Headbutt          |     9 |    16 |    60 |   139 |   224 ||   448
       Broad axe         |       |       |       |       |   626 ||   626
Invok: Lesser Servant of |       |       |       |     5 |     6 ||    11
Evoke: Wand              |       |       |     1 |     1 |       ||     2
  Use: Potion            |       |     1 |     2 |     7 |    10 ||    20
       Scroll            |       |    11 |     6 |     7 |    19 ||    43
 Stab: Distracted        |       |       |       |     2 |       ||     2
       Petrifying        |       |       |       |       |     2 ||     2
       Petrified         |       |       |       |       |     2 ||     2
Armor: Scale mail        |    39 |    21 |       |       |       ||    60
       Chain mail        |       |    10 |   263 |   271 |       ||   544
       Plate armour      |       |       |       |   197 |   484 ||   681
Dodge: Dodged            |    30 |    19 |    86 |   196 |   219 ||   550
Block: Kite shield       |    49 |    43 |   224 |   447 |   631 ||  1394

Table legend: (Time is in decaauts)
 A = Elapsed time spent in this place.
 B = Non-inter-level travel time spent in this place.
 C = Inter-level travel time spent in this place.
 D = Time resting spent in this place.
 E = Time spent auto-exploring this place.
 F = Levels seen in this place.
 G = Mean time per level.
                   A        B        C        D        E       F      G
               +--------+--------+--------+--------+--------+-----+--------+
         Total |  22941 |  21749 |   1192 |   2270 |  15595 |  26 |  882.3 |
       Dungeon |  15817 |  15044 |    773 |   1001 |  11122 |  15 | 1054.5 |
        Temple |    217 |    148 |     69 |      0 |    145 |   1 |  217.0 |
          Lair |   3377 |   3158 |    219 |    504 |   2286 |   4 |  844.2 |
     Snake Pit |   1734 |   1713 |     21 |    218 |   1234 |   4 |  433.5 |
  Orcish Mines |   1794 |   1685 |    109 |    547 |    807 |   2 |  897.0 |
               +--------+--------+--------+--------+--------+-----+--------+

Top non-repeatable levels by time:
    D:11: 2460 daAuts
     D:8: 1931 daAuts
    D:15: 1683 daAuts
    D:13: 1563 daAuts
  Lair:4: 1417 daAuts
    D:12: 1398 daAuts
     D:6: 1322 daAuts
   Orc:2: 1050 daAuts
     D:7: 1003 daAuts
  Lair:3: 955 daAuts
    D:14: 933 daAuts
     D:9: 870 daAuts
  Lair:2: 855 daAuts
 Snake:4: 790 daAuts
   Orc:1: 744 daAuts
